 Dungeon Crawl Stone Soup version 0.28-a0-987-g8383568036 (webtiles) character file.

Game seed: 11935266703966213356

614 Lavandula the Bolt Thrower (level 7, -1/57 HPs)
             Began as a Naga Arcane Marksman on Dec 4, 2021.
             Was an Initiate of Okawaru.
             Slain by a phantom (6 damage)
             ... on level 5 of the Dungeon.
             The game lasted 00:13:22 (5361 turns).

Lavandula the Bolt Thrower (Naga Arcane Marksman)   Turns: 5361, Time: 00:13:23

Health: -1/57      AC:  4    Str: 14    XL:     7   Next: 44%
Magic:  8/8        EV: 10    Int: 13    God:    Okawaru [......]
Gold:   144        SH:  5    Dex: 12    Spells: 2/8 levels left

rFire   . . .      SeeInvis +   a - +0 hand crossbow
rCold   . . .      Faith    .   (no shield)
rNeg    . . .      Spirit   .   d - +0 robe
rPois   +          Reflect  +   (no helmet)
rElec   .          Harm     .   b - +0 cloak
rCorr   +          Rampage  .   (no gloves)
Will    .....                   (no barding)
Stlth   +.........              h - amulet of reflection
HPRegen 0.19/turn               k - ring of resist corrosion
MPRegen 0.11/turn               (no ring)

@: hasted (expiring), quick
A: AC +2, large, see invisible, deformed body, poison resistance, slowness 2,
spit poison 1, naga tail 1
a: Spit Poison, Renounce Religion


You were on level 5 of the Dungeon.
You worshipped Okawaru.
Okawaru was noncommittal.
You visited 2 branches of the dungeon, and saw 6 of its levels.

You collected 214 gold pieces.
You spent 70 gold pieces at shops.

Inventory:

Hand Weapons
 a - a +0 hand crossbow (weapon)
 s - a +1 vorpal hand axe
 u - a +2 short sword of venom
Missiles
 c - 2 throwing nets
 v - 4 curare-tipped darts
 w - 40 bolts (quivered ammo)
Armour
 b - a +0 cloak (worn)
 d - a +0 robe (worn)
 i - a +0 buckler
Jewellery
 h - an amulet of reflection (around neck)
 k - a ring of resist corrosion (left hand)
Scrolls
 e - a scroll of vulnerability {unknown}
 f - a scroll of blinking {unknown}
 g - 3 scrolls of summoning {unknown}
 p - a scroll of immolation {unknown}
 q - a scroll of silence {unknown}
 x - a scroll of brand weapon {unknown}
 y - a scroll of torment {unknown}
Potions
 m - a potion of magic
 n - a potion of attraction {unknown}
 r - a potion of flight {unknown}
 t - a potion of heal wounds {unknown}


   Skills:
 - Level 1.0 Fighting
 - Level 7.4 Crossbows
 - Level 1.5 Dodging
 - Level 1.0 Spellcasting
 - Level 3.0 Hexes


You had 2 spell levels left.
You knew the following spells:

 Your Spells              Type           Power      Damage    Failure   Level
a - Slow                  Hex            32%        N/A       9%          1
b - Inner Flame           Hex/Fire       4%         N/A       41%         3
c - Wereblood             Tmut           0%         N/A       38%         2

Your spell library contained the following spells:

 Spells                   Type           Power      Damage    Failure   Level
 Sting                    Tmut/Pois      0%         1d3       28%         1
 Poisonous Vapours        Pois/Air       0%         N/A       38%         2
 Sublimation of Blood     Necr           0%         N/A       38%         2
 Portal Projectile        Hex/Tloc       8%         N/A       41%         3
 Cause Fear               Hex            4%         N/A       63%         4
 Olgreb's Toxic Radiance  Pois           0%         N/A       95%         4
 Discord                  Hex            4%         N/A       100%        8
 Summon Hydra             Summ           Unusable   N/A       N/A         7

Dungeon Overview and Level Annotations

Branches:
Dungeon (5/15)             Temple (1/1) D:4

Altars:
Ashenzari
Dithmenos
Elyvilon
Gozag
Hepliaklqana
Kikubaaqudgha
Makhleb
Nemelex Xobeh
Okawaru
Ru
Sif Muna
Uskayaw
Vehumet
Wu Jian
Xom
Zin
The Shining One

Shops:
D:3 ?   D:4 *


Innate Abilities, Weirdness & Mutations

Your serpentine skin is tough. (AC +2)
You have supernaturally acute eyesight. (SInv)
Armour fits poorly on your strangely shaped body.
Your system is resistant to poisons. (rPois)
You cover ground very slowly.
You can spit poison.
You have a snake-like lower body.


Message History

The phantom hits you.
The phantom blinks!
You blink.
Unknown command.
Fire: 45 bolts
Press: ? - help, Q - select action, (/) - cycle Shift-Dir - straight line, f/p - phantom
Aim: a phantom (severely damaged, 54% to hit)
You shoot a bolt.
The bolt hits the phantom but does no damage.
The phantom is severely damaged.
The phantom hits you.
* * * LOW HITPOINT WARNING * * *
Fire: 44 bolts
Press: ? - help, Q - select action, (/) - cycle Shift-Dir - straight line, f/p - phantom
Aim: a phantom (severely damaged, 54% to hit)
You shoot a bolt. The bolt barely misses the phantom.
Unknown command.
Fire: 43 bolts
Press: ? - help, Q - select action, (/) - cycle Shift-Dir - straight line, f/p - phantom
Aim: a phantom (severely damaged, 54% to hit)
You shoot a bolt. The bolt barely misses the phantom.
The phantom hits you.
* * * LOW HITPOINT WARNING * * *
The phantom blinks!
You blink.
Okay, then.
Okay, then.
Okay, then.
Okay, then.
Unknown command.
Fire: 42 bolts
Press: ? - help, Q - select action, (/) - cycle Shift-Dir - straight line, f/p - phantom
Aim: a phantom (severely damaged, 54% to hit)
You shoot a bolt. The bolt barely misses the phantom.
The phantom hits you!
* * * LOW HITPOINT WARNING * * *
Fire: 41 bolts
Press: ? - help, Q - select action, (/) - cycle Shift-Dir - straight line, f/p - phantom
Aim: a phantom (severely damaged, 54% to hit)
You shoot a bolt. The bolt barely misses the phantom.
Your extra speed is starting to run out.
The phantom hits you.
You die...

....####........#
.......#........##
.......##....<#..#
.......##......#.###
......###...........
......##.......#+####
......##......(.....#
......##............#
......##.....#..@...#
......########.W....#
......# #.........###
......# #...........#
..[.### #...........#
....#######...........#
..........(....#..#####
....#######...ยง#".#
######..<(.....(.>#


You could see a phantom.

Vanquished Creatures
  A black bear (D:4)
  A centaur (D:5)
  An ogre (D:4)
  A gnoll sergeant (D:5)
  2 hounds
  A bullfrog skeleton (D:4)
  5 gnolls (D:5)
  5 adders
  5 dart slugs
  2 worms
  9 orcs
  7 bats
  12 endoplasms
  4 giant cockroaches
  13 goblins
  13 hobgoblins
  4 jackals (D:1)
  5 kobolds
  A quokka (D:4)
  2 ball pythons
  3 frilled lizards (D:1)
  4 rats
101 creatures vanquished.

Notes
Turn   | Place    | Note
-------+----------+-------------------------------------------
     0 | D:1      | Lavandula the Naga Arcane Marksman began the quest for the
                  | Orb.
     0 | D:1      | Reached XP level 1. HP: 18/18 MP: 2/2
    13 | D:1      | Reached skill level 2 in Crossbows
    30 | D:1      | Reached XP level 2. HP: 25/25 MP: 3/3
   325 | D:1      | Reached skill level 3 in Crossbows
   358 | D:1      | Reached XP level 3. HP: 31/31 MP: 4/4
   553 | D:1      | Found a faded altar of an unknown god.
   939 | D:2      | Reached XP level 4. HP: 38/38 MP: 5/5
  1369 | D:2      | Reached skill level 4 in Crossbows
  2305 | D:3      | Found an ornate altar of the Wu Jian Council.
  2406 | D:3      | Found a burning altar of Makhleb.
  2433 | D:3      | Found Faufafu's Magic Scroll Boutique.
  2441 | D:3      | Bought a scroll of teleportation for 42 gold pieces
  2441 | D:3      | Bought a scroll of identify for 28 gold pieces
  2798 | D:3      | Reached XP level 5. HP: 44/44 MP: 6/6
  3146 | D:4      | Found a broken altar of Ashenzari.
  3152 | D:4      | Found a hide-covered altar of Uskayaw.
  3155 | D:4      | Found a radiant altar of Vehumet.
  3155 | D:4      | Found a hazy altar of Hepliaklqana.
  3162 | D:4      | Found a sacrificial altar of Ru.
  3179 | D:4      | Reached skill level 5 in Crossbows
  3442 | D:4      | Noticed a black bear
  3454 | D:4      | Learned a level 3 spell: Inner Flame
  3503 | D:4      | Killed a black bear
  3504 | D:4      | Reached XP level 6. HP: 42/51 MP: 7/7
  3571 | D:4      | Found a staircase to the Ecumenical Temple.
  3696 | Temple   | Entered the Ecumenical Temple
  3843 | Temple   | Became a worshipper of Warmaster Okawaru
  3925 | D:4      | Reached skill level 6 in Crossbows
  4008 | D:4      | Found Ucviluih's Elemental Accessories.
  4089 | D:4      | Identified the +1 robe of Resilience {Regen+ Dex+6}
  4472 | D:5      | Entered Level 5 of the Dungeon
  4548 | D:5      | Reached XP level 7. HP: 40/57 MP: 8/8
  4623 | D:5      | Reached skill level 7 in Crossbows
  5228 | D:5      | Learned a level 2 spell: Wereblood
  5361 | D:5      | Slain by a phantom

Illustrated notes

Levels and vault maps discovered:
D:1:      eino_arrival_tree_alley, layout_rooms,
          dreamdust_ecumenical_altar_angels_and_demons
D:2:      layout_basic, chequers_serial_rivers_marsh
D:3:      kennysheep_big_flooded_room, layout_basic, bloody_makhleb,
          nicolae_wu_jian_wuxing_cycle, serial_shops, shop
D:4:      layout_loops_corners, nicolae_overflow_hallway_of_the_gods,
          minmay_temple_entry_statues_fountains, nicolae_elemental_shop,
          nicolae_concentric_dashed_squares_wild, solitary_fountain,
          minmay_misc_feat_ornament
D:5:      layout_basic, kennysheep_mini_moat, hangedman_decor_peaks_small
Temple:   minmay_temple_curvy_loop

Skill      XL: |  1  2  3  4  5  6  7 |
---------------+----------------------+-----
Crossbows      | 2 3 4 5 6 7 |  7.4
Fighting       | |  1.0
Dodging        | |  1.5
Spellcasting   | |  1.0
Hexes          | |  3.0

Action                   |  1- 3 |  4- 6 |  7- 9 || total
-------------------------+-------+-------+-------++-------
Melee: Hand axe          |       |       |    31 ||    31
       Short sword       |       |       |     4 ||     4
 Fire: Hand crossbow     |    73 |   108 |    38 ||   219
Throw: Dart              |       |       |     4 ||     4
 Abil: Spit Poison       |    16 |    24 |     8 ||    48
  Use: Scroll            |       |     2 |     2 ||     4
       Potion            |       |       |     5 ||     5
Armor: Robe              |     6 |     8 |    10 ||    24
       Skin              |       |       |     2 ||     2
Dodge: Dodged            |    12 |    19 |    26 ||    57
Block: Other             |       |     6 |    13 ||    19
       Reflection        |       |     3 |       ||     3

Table legend: (Time is in decaauts)
 A = Elapsed time spent in this place.
 B = Non-inter-level travel time spent in this place.
 C = Inter-level travel time spent in this place.
 D = Time resting spent in this place.
 E = Time spent auto-exploring this place.
 F = Levels seen in this place.
 G = Mean time per level.
                   A        B        C        D        E       F      G
               +--------+--------+--------+--------+--------+-----+--------+
         Total |   6893 |   6551 |    342 |    387 |   5260 |   6 | 1148.8 |
       Dungeon |   6658 |   6349 |    309 |    387 |   5068 |   5 | 1331.6 |
        Temple |    235 |    203 |     32 |      0 |    191 |   1 |  235.0 |
               +--------+--------+--------+--------+--------+-----+--------+

Top non-repeatable levels by time:
     D:2: 2034 daAuts
     D:4: 1654 daAuts
     D:5: 1018 daAuts
     D:3: 1013 daAuts
     D:1: 937 daAuts
  Temple: 235 daAuts
